 Dungeon Crawl Stone Soup version 0.28-a0-1520-gc3277d3759 (webtiles) character file.

Game seed: 4529471589934836099

207 kae the Insei (level 5, -5/45 HPs)
             Began as a Demonspawn Transmuter on Jan 17, 2022.
             Slain by Crazy Yiuf (7 damage)
             ... on level 2 of the Dungeon.
             The game lasted 00:01:57 (3694 turns).

kae the Insei (Demonspawn Transmuter)               Turns: 3694, Time: 00:01:57

Health: -5/45      AC:  5    Str: 11    XL:     5   Next: 54%
Magic:  3/8        EV: 10    Int: 16    God:
Gold:   66         SH:  0    Dex: 13    Spells: 1/9 levels left

rFire   x . .      SeeInvis +     - Unarmed
rCold   + + +      Faith    .   (shield currently unavailable)
rNeg    . . .      Spirit   .   (armour currently unavailable)
rPois   +          Reflect  .   (helmet currently unavailable)
rElec   .          Harm     .   (cloak currently unavailable)
rCorr   .          Rampage  .   (gloves currently unavailable)
Will    .....                   (boots currently unavailable)
Stlth   +.........              (no amulet)
HPRegen 0.15/turn               (no ring)
MPRegen 0.11/turn               (no ring)

@: ice-form
A: freezing attack, amphibious, boosted hp, large, ignite blood 1, (spiny 1),
(talons 1), see invisible
a: End Transformation


You were on level 2 of the Dungeon.
You were a creature of crystalline ice.
You visited 1 branch of the dungeon, and saw 2 of its levels.

You collected 66 gold pieces.

Inventory:

Armour
 a - a +0 robe (melded)
 d - a +1 pair of boots (melded)
Jewellery
 g - a ring of protection from cold
Scrolls
 c - a scroll of identify
 h - a scroll of blinking {unknown}
Potions
 b - a potion of degeneration


   Skills:
 + Level 1.9 Fighting
 + Level 2.3 Dodging
 * Level 3.7 Unarmed Combat
 + Level 2.5 Spellcasting
 * Level 3.1 Transmutations
 * Level 0.0 Ice Magic
 - Level 2.0 Poison Magic


You had one spell level left.
You knew the following spells:

 Your Spells              Type           Power      Damage    Failure   Level
a - Beastly Appendage     Tmut           22%        N/A       5%          1
b - Spider Form           Tmut/Pois      10%        N/A       21%         3
c - Ice Form              Ice/Tmut       6%         N/A       71%         4

Your spell library contained the following spells:

 Spells                   Type           Power      Damage    Failure   Level
 Wereblood                Tmut           11%        N/A       9%          2


Dungeon Overview and Level Annotations

Branches:
Dungeon (2/15)

Altars:
Vehumet

Shops:
D:1 [

Annotations:
D:2 Crazy Yiuf


Innate Abilities, Weirdness & Mutations

You are a creature of crystalline ice.
You have a powerful freezing melee attack.
You are amphibious.
Your maximum health is increased.
Your armour is entirely melded.
You are incapable of wielding weapons or throwing items.
Your demonic aura sometimes causes spilled blood to erupt in flames.
((You are partially covered in sharp spines.))
((You have sharp toenails.))
You have supernaturally acute eyesight. (SInv)


Message History

Crazy Yiuf says, "Hah!"
Crazy Yiuf laughs, "Mama sing-song aubergine!"
Crazy Yiuf grits, "Line cloud agre!"
Crazy Yiuf cries, "Goldfish!"
Crazy Yiuf screams, "Ten disdain snail!"
Crazy Yiuf says, "Cod ragdoll ena!"
Crazy Yiuf grits, "Peeping seventy canine!"
Crazy Yiuf says, "Buddy eyeball light!"
HP restored.
Casting: Ice Form (potentially lethal; 71% risk of failure)
Confirm with . or Enter, or press ? or * to list all spells.
The spell is potentially lethal to miscast (71% risk of failure)!
Continue anyway? [Y]es or [N]o only, please.
The spell is potentially lethal to miscast (71% risk of failure)!
Continue anyway?
You turn into a creature of crystalline ice.
Your +1 pair of boots melds into your body.
Your +0 robe melds into your body.
Crazy Yiuf whimpers, "Trifle!"
As you open the door, it creaks loudly!
You hit Crazy Yiuf. You freeze Crazy Yiuf.
Crazy Yiuf is lightly wounded.
Crazy Yiuf hits you with a +2 quarterstaff of chaos!
You hit Crazy Yiuf but do no damage.
Crazy Yiuf is lightly wounded.
Crazy Yiuf hits you with a +2 quarterstaff of chaos!
You punch Crazy Yiuf! You freeze Crazy Yiuf.
Crazy Yiuf is severely wounded.
Crazy Yiuf says, "Goldfish!"
Crazy Yiuf hits you with a +2 quarterstaff of chaos!
Space warps horribly around you!
* * * LOW HITPOINT WARNING * * *
You hit Crazy Yiuf but do no damage.
Crazy Yiuf is severely wounded.
Crazy Yiuf hits you with a +2 quarterstaff of chaos!
* * * LOW HITPOINT WARNING * * *
You feel your power leaking away.
You hit Crazy Yiuf. You freeze Crazy Yiuf.
Crazy Yiuf is almost dead.
Crazy Yiuf hits you with a +2 quarterstaff of chaos!
You die...

......##.#
#.#.......#.####.#
......##.#
#########.#.#..#.#
_.....##.#
#.#.#..#.#
......##.# #####
#...#..#.#
......##.# #)..#
#...#..#.###
########.# #...#
###.#..#.#<. #.###
... #.#.#..#.###
#...# #g#
#.#.#..#.###
####### ♣Y♣♣
#.#.#.......
#.....# ♣♣.♣
#.#.#..#.###
#.....# ♣.♣♣
#.#.#..#.#
######)....# ♣♣.♣
#......#.#
#<...'.....# ♣♣.♣♣
#..#####.#
######.....#
♣♣PP.♣ #........#
# #.....# ♣.P.P♣
#...###### #
#.....# #....#
#...# #
####'#####....#
#...##


You could see Crazy Yiuf.

Vanquished Creatures
  A scorpion (D:2)
  Jessica (D:2)
  3 adders (D:2)
  4 gnolls (D:2)
  3 dart slugs
  3 bats (D:1)
  5 endoplasms (D:1)
  2 giant cockroaches (D:1)
  10 goblins
  3 hobgoblins
  6 jackals
  A kobold (D:1)
  3 ball pythons (D:1)
  5 frilled lizards (D:1)
  2 rats
52 creatures vanquished.

Vanquished Creatures (others)
  6 plants (D:2)
6 creatures vanquished.

Grand Total: 58 creatures vanquished

Notes
Turn   | Place    | Note
-------+----------+-------------------------------------------
     0 | D:1      | kae the Demonspawn Transmuter began the quest for the Orb.
     0 | D:1      | Reached XP level 1. HP: 15/15 MP: 3/3
   651 | D:1      | Gained mutation: Your demonic aura sometimes causes spilled
                  | blood to erupt in flames. [demonic ancestry]
   651 | D:1      | Reached XP level 2. HP: 21/21 MP: 5/5
   961 | D:1      | Found Leonophame's Armour Shop.
  1053 | D:1      | Reached XP level 3. HP: 25/26 MP: 4/6
  1057 | D:1      | Learned a level 3 spell: Spider Form
  1649 | D:2      | Noticed Jessica
  1653 | D:2      | Killed Jessica
  1719 | D:2      | Reached skill level 1 in Poison Magic
  1719 | D:2      | Gained mutation: You are partially covered in sharp spines.
                  | [demonic ancestry]
  1719 | D:2      | Reached XP level 4. HP: 28/32 MP: 7/7
  1796 | D:2      | Found a runed translucent door.
  1797 | D:2      | Noticed Crazy Yiuf
  1916 | D:2      | Found a radiant altar of Vehumet.
  1988 | D:2      | Found a faded altar of an unknown god.
  2427 | D:2      | Noticed a scorpion
  2438 | D:2      | Killed a scorpion
  2439 | D:2      | Reached XP level 5. HP: 38/38 MP: 1/8
  2544 | D:2      | Gained mutation: You have sharp toenails. [potion of
                  | mutation]
  2544 | D:2      | Gained mutation: You have supernaturally acute eyesight.
                  | (SInv) [potion of mutation]
  3057 | D:2      | Learned a level 4 spell: Ice Form
  3693 | D:2      | HP: 1/45 [Crazy Yiuf (7)]
  3694 | D:2      | Slain by Crazy Yiuf

Illustrated notes

Levels and vault maps discovered:
D:1:      dpeg_cavernosity, layout_loops_ring, serial_shops,
          nicolae_shop_statue_plus
D:2:      kennysheep_the_goblin_king, layout_basic,
          shapermc_ecumenical_altar_totnotflames, basic_altar,
          minmay_misc_feat_tiny, serial_bayou_lagoon_b, uniq_crazy_yiuf_cottage,
          uniq_jessica

Skill      XL: |  1  2  3  4  5 |
---------------+----------------+-----
Transmutations | 2 3 |  3.1
Unarmed Combat | 3 |  3.7
Dodging        | 2 |  2.3
Poison Magic   | 1 2 |  2.0
Fighting       | |  1.9
Spellcasting   | |  2.5

Action                   |  1- 3 |  4- 6 || total
-------------------------+-------+-------++-------
Melee: Unarmed           |    66 |    44 ||   110
       Kick              |    18 |     6 ||    24
       Headbutt          |     9 |     7 ||    16
       Punch             |     4 |       ||     4
 Cast: Beastly Appendage |    19 |     6 ||    25
       Spider Form       |       |     3 ||     3
       Ice Form          |       |     1 ||     1
  Use: Scroll            |     2 |     1 ||     3
       Potion            |       |     2 ||     2
 Stab: Distracted        |     1 |       ||     1
Armor: Robe              |    16 |     2 ||    18
Dodge: Dodged            |    43 |    22 ||    65

Table legend: (Time is in decaauts)
 A = Elapsed time spent in this place.
 B = Non-inter-level travel time spent in this place.
 C = Inter-level travel time spent in this place.
 D = Time resting spent in this place.
 E = Time spent auto-exploring this place.
 F = Levels seen in this place.
 G = Mean time per level.
                   A        B        C        D        E       F      G
               +--------+--------+--------+--------+--------+-----+--------+
         Total |   3706 |   3668 |     38 |    630 |   2661 |   2 | 1853.0 |
       Dungeon |   3706 |   3668 |     38 |    630 |   2661 |   2 | 1853.0 |
               +--------+--------+--------+--------+--------+-----+--------+

Top non-repeatable levels by time:
     D:2: 2163 daAuts
     D:1: 1543 daAuts
